[Event "Titled Tuesday Blitz November 14 Late 2023"]
[White "Floresvillar Gonzalez, Luis Migu"]
[Black "Kovalevsky, Stanislav"]
[WhiteFideId "5100542"]
[BlackFideId "13508598"]
[WhiteElo "2215"]
[BlackElo "2452"]
[Result "1/2-1/2"]
[Round "5"]
[TimeControl "180+1"]
[Date "2023.11.14"]
[WhiteClock "0:01:29"]
[BlackClock "0:01:49"]
[Board "112"]

1. d4 d5 2. c3 Nf6 3. Bf4 c5 4. e3 Nc6 5. Bd3 c4 6. Bc2 Bg4 7. Nf3 e6 8. Nbd2 Bd6 9. Bxd6 Qxd6 10. h3 Bh5 11. O-O O-O 12. Qe1 Rfe8 13. e4 dxe4 14. Nxe4 Nxe4 15. Qxe4 Bg6 16. Qe2 e5 17. Bxg6 hxg6 18. dxe5 Nxe5 19. Nxe5 Rxe5 20. Qxc4 Rae8 21. Rad1 Qb6 22. Qb3 Qxb3 23. axb3 Re2 24. Rd7 b6 25. Rxa7 Rxb2 26. b4 Rc2 27. Rc7 Ree2 28. Rc6 b5 29. Rc5 f6 30. Rxb5 Rxc3 31. Rb8+ Kh7 32. b5 Rb3 33. Rd1 Rbb2 34. Rf1 Rb3 35. Rd1 Rbb2 36. Rf1 Rb3 1/2-1/2


[Site "https://www.chess.com"]

[Event "Titled Tuesday Blitz November 14 Late 2023"]
[White "Silvestre, Christian"]
[Black "Wanyama, Harold"]
[WhiteFideId "30956269"]
[BlackFideId "10000380"]
[WhiteElo "2238"]
[BlackElo "2448"]
[Result "1-0"]
[Round "5"]
[TimeControl "180+1"]
[Date "2023.11.14"]
[WhiteClock "0:00:12"]
[BlackClock "0:00:02"]
[Board "113"]

1. e4 c5 2. c3 Nf6 3. e5 Nd5 4. d4 cxd4 5. Nf3 e6 6. cxd4 Qc7 7. Bd3 d6 8. O-O Nd7 9. Qe2 Be7 10. Bd2 b6 11. Nc3 Nxc3 12. Bxc3 Bb7 13. Rac1 Qd8 14. exd6 Bxd6 15. d5 Bxd5 16. Bxg7 Rg8 17. Bc3 Nc5 18. Bxh7 Rg4 19. h3 Rf4 20. Ne5 Qg5 21. f3 Ke7 22. Ng4 Na4 23. Bd2 Rh8 24. Bc2 Nxb2 25. Bb3 Bxb3 26. axb3 Bc5+ 27. Rxc5 Qxc5+ 28. Be3 Qb4 29. Qxb2 Rg8 30. Bxf4 Qxf4 31. Qc3 Qd6 32. Nf2 Rd8 33. Ne4 Qd4+ 34. Qxd4 Rxd4 35. Rc1 f5 36. Nf2 a5 37. Rc6 Rb4 38. Rc3 Kd6 39. Nd3 Rd4 40. Nb2 b5 41. Rc8 Ke5 42. Rc5+ Kf4 43. Rxb5 Kg3 44. Kf1 Rd2 45. Nc4 Rf2+ 46. Ke1 Rxg2 47. Re5 Kxf3 48. Rxe6 f4 49. Ne5+ Ke4 50. Nc4+ Kd4 51. Nxa5 Ra2 52. Nc4 Kd3 53. Nd2 Ra1+ 54. Kf2 Kxd2 55. Kf3 Rb1 56. Kxf4 Rxb3 57. h4 Rh3 58. Kg4 Rh1 59. h5 Kd3 60. Kg5 Kd4 61. h6 Kd5 62. Re8 Kd6 63. Kg6 Kd7 64. Re2 Rg1+ 65. Kh7 Rh1 66. Rg2 Ke7 67. Kg7 Ra1 68. h7 Rg1 69. Rxg1 1-0


[Site "https://www.chess.com"]

[Event "Titled Tuesday Blitz November 14 Late 2023"]
[White "PoXerStar"]
[Black "Novikova, Margarita"]
[BlackFideId "14109689"]
[WhiteElo "2434"]
[BlackElo "2174"]
[Result "1-0"]
[Round "5"]
[TimeControl "180+1"]
[Date "2023.11.14"]
[WhiteClock "0:00:18"]
[BlackClock "0:01:25"]
[Board "114"]

1. e4 d5 2. exd5 Qxd5 3. Nc3 Qd6 4. d4 Nf6 5. Nf3 c6 6. g3 Bg4 7. Bg2 e6 8. Bf4 Qb4 9. Qd2 Bd6 10. a3 Bxf4 11. axb4 Bxd2+ 12. Kxd2 Nbd7 13. Ne5 O-O 14. b5 Nxe5 15. dxe5 Nd5 16. bxc6 bxc6 17. Ra4 f6 18. Rxg4 fxe5 19. Ke2 Rf7 20. Ra1 Rb8 21. Nxd5 exd5 22. b3 e4 23. Ra6 Rf6 24. Rf4 Rxf4 25. gxf4 Rc8 26. Rxa7 h6 27. Bh3 Rf8 28. Ke3 g5 29. Be6+ Kh8 30. f5 Rd8 31. Kd4 h5 32. Rc7 Rd6 33. Rc8+ Kg7 34. Ke5 d4 35. Kxd6 d3 36. cxd3 exd3 37. Bc4 d2 38. Be2 Kf6 39. Kxc6 Kxf5 40. Rd8 1-0


[Site "https://www.chess.com"]

[Event "Titled Tuesday Blitz November 14 Late 2023"]
[White "Akhayan, Ruben"]
[Black "claudiuprunescu"]
[WhiteFideId "204439"]
[WhiteElo "2427"]
[BlackElo "2206"]
[Result "1-0"]
[Round "5"]
[TimeControl "180+1"]
[Date "2023.11.14"]
[WhiteClock "0:00:49"]
[BlackClock "0:00:58"]
[Board "115"]

1. e4 e6 2. d4 d5 3. Nc3 Nf6 4. e5 Nfd7 5. Nf3 c5 6. dxc5 Bxc5 7. Bd3 Nc6 8. Bf4 Nb4 9. O-O Nxd3 10. Qxd3 Be7 11. Nd4 O-O 12. Rfe1 a6 13. Rad1 Nc5 14. Qg3 Re8 15. Nf3 Bd7 16. Bg5 b5 17. Bxe7 Qxe7 18. a3 Rac8 19. Nd4 a5 20. Ndxb5 Bxb5 21. Nxb5 Rb8 22. Nd6 Red8 23. b4 axb4 24. axb4 Rxb4 25. Qc3 Na6 26. Ra1 Rb6 27. Nc8 Qb4 28. Qxb4 Rxb4 29. Ne7+ Kf8 30. Nc6 Rb6 31. Nxd8 Ke7 32. Nb7 Nb4 33. Reb1 Rxb7 34. c3 1-0


[Site "https://www.chess.com"]

[Event "Titled Tuesday Blitz November 14 Late 2023"]
[White "Shapiro, Viktor"]
[Black "Becerra, Juan David"]
[WhiteFideId "4175700"]
[BlackFideId "4404998"]
[WhiteElo "2545"]
[BlackElo "2337"]
[Result "1-0"]
[Round "5"]
[TimeControl "180+1"]
[Date "2023.11.14"]
[WhiteClock "0:00:54"]
[BlackClock "0:00:00"]
[Board "116"]

1. Nf3 d5 2. g3 Nf6 3. Bg2 b6 4. d3 Bb7 5. O-O e6 6. Nbd2 Nbd7 7. c4 a5 8. b3 Bc5 9. a3 O-O 10. Bb2 Re8 11. Qc2 Nf8 12. Bc3 Ng6 13. b4 axb4 14. axb4 Bf8 15. c5 Rxa1 16. Bxa1 bxc5 17. bxc5 e5 18. c6 Ba8 19. e4 Qd6 20. Rc1 Re6 21. Bh3 Re8 22. Bf5 d4 23. Nc4 Qxc6 24. Bxg6 hxg6 25. Ncxe5 Qb5 26. Qxc7 Ba3 27. Rf1 1-0


[Site "https://www.chess.com"]

[Event "Titled Tuesday Blitz November 14 Late 2023"]
[White "AndresDelgado77"]
[Black "Jaskolka, Tomasz"]
[BlackFideId "1170791"]
[WhiteElo "2329"]
[BlackElo "2523"]
[Result "0-1"]
[Round "5"]
[TimeControl "180+1"]
[Date "2023.11.14"]
[WhiteClock "0:00:00"]
[BlackClock "0:00:46"]
[Board "117"]

1. e4 e6 2. d4 d5 3. e5 c5 4. c3 Nc6 5. Nf3 Bd7 6. a3 Nge7 7. b4 cxd4 8. cxd4 Nf5 9. Nc3 Be7 10. h4 h5 11. g3 f6 12. Bd3 fxe5 13. Bxf5 exf5 14. dxe5 d4 15. Ne2 Be6 16. Nexd4 Nxd4 17. Nxd4 Qd5 18. O-O Rd8 19. Bb2 f4 20. Nxe6 Qxe6 21. Qf3 O-O 22. Qxb7 f3 23. Kh2 Bxh4 24. Rad1 Qb3 25. Rxd8 Rxd8 26. Bd4 Rxd4 0-1


[Site "https://www.chess.com"]

[Event "Titled Tuesday Blitz November 14 Late 2023"]
[White "elmusmolamas"]
[Black "Harish, Neeraj"]
[BlackFideId "30958130"]
[WhiteElo "2496"]
[BlackElo "2329"]
[Result "1-0"]
[Round "5"]
[TimeControl "180+1"]
[Date "2023.11.14"]
[WhiteClock "0:01:39"]
[BlackClock "0:00:07"]
[Board "118"]

1. e4 c5 2. Nf3 Nc6 3. Nc3 e5 4. g3 g6 5. Bg2 Bg7 6. O-O Nge7 7. d3 O-O 8. a4 d6 9. Nd2 f5 10. exf5 Nxf5 11. Nde4 Kh8 12. Nd5 Be6 13. c4 Bxd5 14. cxd5 Nb4 15. Ng5 Nd4 16. Be3 Qf6 17. Bxd4 cxd4 18. Ne6 Rf7 19. Qd2 a5 20. Rac1 Re8 21. Rc4 Rxe6 22. dxe6 Qxe6 23. Rfc1 d5 24. Rc8+ Rf8 25. Rxf8+ Bxf8 26. Rc7 Bd6 27. Rxb7 e4 28. Qg5 exd3 29. Qd8+ Qg8 30. Qf6+ 1-0


[Site "https://www.chess.com"]

[Event "Titled Tuesday Blitz November 14 Late 2023"]
[White "Kanyamarala, Tarun"]
[Black "patzersame"]
[WhiteFideId "45004714"]
[WhiteElo "2493"]
[BlackElo "2323"]
[Result "1-0"]
[Round "5"]
[TimeControl "180+1"]
[Date "2023.11.14"]
[WhiteClock "0:00:49"]
[BlackClock "0:00:20"]
[Board "119"]

1. d4 d5 2. Nc3 e6 3. Bf4 Bd6 4. e3 Bxf4 5. exf4 Nf6 6. Nf3 O-O 7. Bd3 b6 8. Qe2 a5 9. Ne5 Ba6 10. O-O Bxd3 11. Qxd3 c5 12. Ne2 Qd6 13. c3 Ne4 14. Nc4 dxc4 15. Qxe4 Na6 16. Rad1 Rac8 17. d5 b5 18. a4 bxa4 19. Qxc4 exd5 20. Rxd5 Qc6 21. Ng3 g6 22. h3 Qb7 23. Rd6 Rc6 24. Rfd1 Rfc8 25. Qxa4 Qb6 26. Ne4 f5 27. Nf6+ Kg7 28. Nd7 Qb7 29. Qxa5 Qxb2 30. Rxc6 Rxc6 31. Qd8 Qxc3 32. Qf8# 1-0


[Site "https://www.chess.com"]

[Event "Titled Tuesday Blitz November 14 Late 2023"]
[White "Gasparyan, David"]
[Black "Bazzano, Sebastian"]
[WhiteFideId "13311980"]
[BlackFideId "104566"]
[WhiteElo "2488"]
[BlackElo "2313"]
[Result "1-0"]
[Round "5"]
[TimeControl "180+1"]
[Date "2023.11.14"]
[WhiteClock "0:00:56"]
[BlackClock "0:00:00"]
[Board "120"]

1. e4 e6 2. Nf3 d5 3. exd5 exd5 4. d4 Nf6 5. Be2 Be7 6. O-O O-O 7. Re1 Bg4 8. Bf4 c6 9. Nbd2 Nbd7 10. Ne5 Bxe2 11. Qxe2 Re8 12. Qd3 Nf8 13. Re3 Ng6 14. Bg3 Nh5 15. Qf5 Nf6 16. Rae1 Bf8 17. h4 Qc8 18. Qf3 Nxe5 19. Rxe5 Rxe5 20. Rxe5 Qg4 21. Qe3 Qd1+ 22. Qe1 Qxc2 23. h5 Bb4 24. Bf4 Ne4 25. f3 Nxd2 26. Re8+ Rxe8 27. Qxe8+ Bf8 28. Bd6 h6 29. Qxf8+ Kh7 30. Qxf7 Qd1+ 31. Kh2 Qe2 32. Qf5+ Kg8 33. Be5 Nf1+ 34. Kh3 1-0


[Site "https://www.chess.com"]

[Event "Titled Tuesday Blitz November 14 Late 2023"]
[White "Clawitter, Craig"]
[Black "Rich, Albert J"]
[WhiteFideId "2023105"]
[BlackFideId "2028735"]
[WhiteElo "2279"]
[BlackElo "2478"]
[Result "0-1"]
[Round "5"]
[TimeControl "180+1"]
[Date "2023.11.14"]
[WhiteClock "0:01:33"]
[BlackClock "0:02:05"]
[Board "121"]

1. e4 d6 2. d4 Nf6 3. Nc3 Nbd7 4. f4 e5 5. Nf3 exd4 6. Qxd4 c6 7. Be3 d5 8. exd5 Bc5 9. Qd3 O-O 10. O-O-O Re8 11. Bxc5 Nxc5 12. Qc4 Qb6 13. Ne5 cxd5 14. Nxd5 Nxd5 15. Rxd5 Be6 16. Qxc5 Bxd5 17. Qxd5 Qe3+ 18. Kd1 Rad8 19. Nd7 Qe1# 0-1


[Site "https://www.chess.com"]

[Event "Titled Tuesday Blitz November 14 Late 2023"]
[White "Kostiukov, Alexandr"]
[Black "ilya2700"]
[WhiteFideId "14108100"]
[WhiteElo "2434"]
[BlackElo "2264"]
[Result "1-0"]
[Round "5"]
[TimeControl "180+1"]
[Date "2023.11.14"]
[WhiteClock "0:00:08"]
[BlackClock "0:00:00"]
[Board "122"]

1. g3 Nf6 2. Bg2 g6 3. c4 Bg7 4. Nc3 O-O 5. Nf3 d6 6. O-O c5 7. d4 Nc6 8. dxc5 dxc5 9. Bf4 Be6 10. Ne5 Nh5 11. Nxc6 bxc6 12. Be3 Bxc4 13. Qa4 Bd5 14. Rfd1 Nf6 15. Bxc5 Qc7 16. e4 Be6 17. Qa3 Rfe8 18. Rac1 Qb7 19. b4 Nd7 20. Bd4 Nb6 21. Bxg7 Kxg7 22. Qb2 Kg8 23. e5 Nd5 24. Nxd5 cxd5 25. Rc5 Red8 26. Qd4 Rab8 27. a3 Rd7 28. Bxd5 Qb6 29. Qc4 Rbd8 30. Rd3 Bxd5 31. Rcxd5 Rxd5 32. Rxd5 Rxd5 33. Qxd5 e6 34. Qc5 1-0


[Site "https://www.chess.com"]

[Event "Titled Tuesday Blitz November 14 Late 2023"]
[White "Dodaro, Mattia"]
[Black "Weisz, Bryan"]
[WhiteFideId "28583400"]
[BlackFideId "30934133"]
[WhiteElo "2247"]
[BlackElo "2430"]
[Result "0-1"]
[Round "5"]
[TimeControl "180+1"]
[Date "2023.11.14"]
[WhiteClock "0:01:30"]
[BlackClock "0:01:37"]
[Board "123"]

1. Nc3 Nf6 2. g3 c5 3. Bg2 Nc6 4. d3 d5 5. Bg5 e6 6. e4 d4 7. Nce2 e5 8. f4 Be7 9. f5 Ng4 10. Bc1 Bg5 11. Nf4 h5 12. Nxh5 Bxc1 13. Nxg7+ Kf8 14. Qxg4 Bxb2 15. Rb1 Bc3+ 16. Kf1 Rg8 0-1


[Site "https://www.chess.com"]

[Event "Titled Tuesday Blitz November 14 Late 2023"]
[White "Buchenau, Frank"]
[Black "Vila Dupla, Aurelio"]
[WhiteFideId "4604350"]
[BlackFideId "2203383"]
[WhiteElo "2416"]
[BlackElo "2219"]
[Result "1-0"]
[Round "5"]
[TimeControl "180+1"]
[Date "2023.11.14"]
[WhiteClock "0:00:17"]
[BlackClock "0:00:10"]
[Board "124"]

1. e4 c5 2. Nf3 d6 3. Bb5+ Nd7 4. O-O a6 5. Bd3 Ngf6 6. Re1 e6 7. c3 Be7 8. Bc2 b5 9. d4 cxd4 10. cxd4 Bb7 11. Nc3 Rc8 12. a3 O-O 13. Bf4 Nh5 14. Be3 Nhf6 15. Qd3 g6 16. Rad1 Re8 17. h3 Nb6 18. a4 b4 19. Ne2 a5 20. b3 d5 21. e5 Ne4 22. Rc1 Nc3 23. Nxc3 Rxc3 24. Qb5 Qc7 25. Qxe8+ Kg7 26. Bb1 Bc6 27. Bh6+ Kxh6 28. Qxf7 Rxc1 29. Rxc1 Nc8 30. h4 Qd7 31. Ng5 Bxg5 32. hxg5+ Kxg5 33. Qf6+ Kh6 34. Qf8+ Kg5 35. g3 Kh5 36. Kg2 1-0


[Site "https://www.chess.com"]

[Event "Titled Tuesday Blitz November 14 Late 2023"]
[White "Acosta Cruz, Oscar Yosimar"]
[Black "Su, Dion"]
[WhiteFideId "5111269"]
[BlackFideId "2029731"]
[WhiteElo "2211"]
[BlackElo "2406"]
[Result "0-1"]
[Round "5"]
[TimeControl "180+1"]
[Date "2023.11.14"]
[WhiteClock "0:01:20"]
[BlackClock "0:01:54"]
[Board "125"]

1. d4 Nf6 2. Nf3 e6 3. Bf4 d5 4. e3 Bd6 5. Bg3 Nc6 6. Nbd2 O-O 7. c3 Qe7 8. Ne5 Nd7 9. f4 f6 10. Nxc6 bxc6 11. Bd3 e5 12. O-O exf4 13. Qh5 Qxe3+ 14. Kh1 Qxd3 15. Be1 Nb6 16. Rf3 Qf5 17. Qh4 Bd7 18. Rh3 Rae8 19. Nf3 Re2 20. Ng1 Rxb2 0-1


[Site "https://www.chess.com"]

[Event "Titled Tuesday Blitz November 14 Late 2023"]
[White "Broca Jimenez, Fernando"]
[Black "Hoffmann, Asa"]
[WhiteFideId "5104742"]
[BlackFideId "2001470"]
[WhiteElo "2208"]
[BlackElo "2401"]
[Result "0-1"]
[Round "5"]
[TimeControl "180+1"]
[Date "2023.11.14"]
[WhiteClock "0:00:27"]
[BlackClock "0:01:48"]
[Board "126"]

1. e4 d6 2. c4 c6 3. d4 Nf6 4. Nc3 e5 5. Nf3 Qc7 6. h3 Be7 7. Bg5 Nbd7 8. Be2 a6 9. O-O b5 10. Be3 Bb7 11. a3 O-O 12. Rc1 Qb8 13. Qd2 Re8 14. Rfd1 Bf8 15. d5 cxd5 16. cxd5 Nc5 17. Qc2 Rc8 18. Bd3 h6 19. b4 Na4 20. Qb3 Nxc3 21. Rxc3 Rxc3 22. Qxc3 Qc8 23. Rc1 Be7 24. Qc7 Kf8 25. Nd2 Ne8 26. Qb6 Qxc1+ 0-1


[Site "https://www.chess.com"]

[Event "Titled Tuesday Blitz November 14 Late 2023"]
[White "Kujawski, Adam"]
[Black "Darko-Dimitrijevic"]
[WhiteFideId "1100920"]
[WhiteElo "2399"]
[BlackElo "2200"]
[Result "1-0"]
[Round "5"]
[TimeControl "180+1"]
[Date "2023.11.14"]
[WhiteClock "0:00:04"]
[BlackClock "0:00:00"]
[Board "127"]

1. e4 d6 2. d4 c6 3. a4 Nf6 4. Nc3 Qa5 5. Bd2 e5 6. dxe5 dxe5 7. Bc4 Bg4 8. f3 Bh5 9. Nge2 Bb4 10. Ng3 Bg6 11. Qe2 O-O 12. O-O Nbd7 13. Kh1 Nc5 14. Rfe1 Rfe8 15. Nf5 Ne6 16. Rad1 Rad8 17. Bxe6 Rxe6 18. Bg5 Rde8 19. Qe3 h6 20. Bxh6 gxh6 21. Qxh6 Bf8 22. Qg5 Nh7 23. Qg3 Qc7 24. h4 Nf6 25. Qg5 Kh8 26. g4 Nh7 27. Qe3 b6 28. Rg1 Rd8 29. Rxd8 Qxd8 30. g5 f6 31. Qf2 fxg5 32. h5 Bxf5 33. exf5 Rh6 34. Qh2 Qe8 35. Rg3 Rxh5 36. Rh3 Rxh3 37. Qxh3 Qf7 38. Ne4 1-0


[Site "https://www.chess.com"]

[Event "Titled Tuesday Blitz November 14 Late 2023"]
[White "campochess"]
[Black "Kubatko, Ivan"]
[BlackFideId "24111473"]
[WhiteElo "2192"]
[BlackElo "2398"]
[Result "0-1"]
[Round "5"]
[TimeControl "180+1"]
[Date "2023.11.14"]
[WhiteClock "0:00:13"]
[BlackClock "0:00:06"]
[Board "128"]

1. Nf3 d5 2. b3 c5 3. Bb2 Nc6 4. e3 a6 5. d4 Bg4 6. Be2 Nf6 7. Nc3 e6 8. O-O cxd4 9. Nxd4 Bxe2 10. Qxe2 Nxd4 11. exd4 Bd6 12. Rac1 O-O 13. h3 Rc8 14. Qe3 Re8 15. Ne2 b5 16. Nf4 Qc7 17. Nd3 Nd7 18. Rfe1 Nb6 19. Ne5 f6 20. Nd3 Qf7 21. Qf3 Qg6 22. Re2 Re7 23. Rce1 Rce8 24. Nc5 e5 25. Nxa6 e4 26. Qg4 Qf7 27. Nc5 f5 28. Qh4 h6 29. Bc1 Nd7 30. b4 Nf6 31. f4 Nh7 32. Qf2 g5 33. g3 Qg6 34. Kh1 Nf6 35. Be3 Nh5 36. Rg1 Kh7 37. fxg5 hxg5 38. g4 Nf4 39. gxf5 Qxf5 40. Bxf4 Bxf4 41. Qg2 Kg6 42. Qg4 Rh7 43. Kg2 Qxg4+ 44. hxg4 Rh2+ 45. Kf1 Rxe2 46. Kxe2 Ra8 47. Ra1 Rh8 48. Rf1 Rh2+ 49. Rf2 Rh4 50. Rg2 Rh1 51. a4 bxa4 52. Nxa4 Ra1 53. Nc3 Rc1 54. Nxd5 Rxc2+ 55. Kf1 Rc1+ 56. Ke2 Rc4 57. Nxf4+ gxf4 58. Kd2 Rxd4+ 59. Kc3 Rd3+ 60. Kc2 f3 61. Rh2 Kg5 62. Rh8 Kxg4 63. Rf8 Rd7 64. Kc3 e3 65. Rg8+ Kf4 66. Rf8+ Kg3 67. Rg8+ Kf2 68. b5 e2 69. Re8 e1=Q+ 70. Rxe1 Kxe1 0-1


[Site "https://www.chess.com"]

[Event "Titled Tuesday Blitz November 14 Late 2023"]
[White "Marchesich, Giovanni"]
[Black "Tsukerman, Julia"]
[WhiteFideId "2824790"]
[BlackFideId "2621649"]
[WhiteElo "2397"]
[BlackElo "2161"]
[Result "1-0"]
[Round "5"]
[TimeControl "180+1"]
[Date "2023.11.14"]
[WhiteClock "0:01:52"]
[BlackClock "0:00:00"]
[Board "129"]

1. Nc3 d5 2. d4 Nf6 3. Bf4 e6 4. e3 Be7 5. g4 c5 6. g5 Ne4 7. Nxe4 dxe4 8. dxc5 Qa5+ 9. c3 Qxc5 10. Qd4 Qxd4 11. exd4 Bd7 12. Bg2 Bc6 13. Ne2 f5 14. gxf6 gxf6 15. O-O-O Nd7 16. Ng3 f5 17. c4 Nf6 18. Be5 Kf7 19. d5 Ba4 20. b3 Ba3+ 21. Kb1 Bd7 22. Rhe1 Rhe8 23. d6 Ng4 24. Bd4 Bxd6 25. Bxa7 Ke7 26. Bb6 Ra6 27. c5 Bxg3 28. hxg3 Nxf2 29. Rxd7+ Kxd7 30. c6+ Kxc6 31. Bxf2 1-0


[Site "https://www.chess.com"]

[Event "Titled Tuesday Blitz November 14 Late 2023"]
[White "Pein, Jonathan"]
[Black "Ferrufino, Boris"]
[WhiteFideId "417092"]
[BlackFideId "3300170"]
[WhiteElo "2394"]
[BlackElo "2182"]
[Result "1-0"]
[Round "5"]
[TimeControl "180+1"]
[Date "2023.11.14"]
[WhiteClock "0:00:03"]
[BlackClock "0:00:15"]
[Board "130"]

1. Nf3 Nf6 2. d4 d5 3. e3 e6 4. Bd3 Bd6 5. Nbd2 Nbd7 6. b3 e5 7. dxe5 Nxe5 8. Be2 O-O 9. Bb2 Qe7 10. O-O c6 11. c4 dxc4 12. Nxc4 Nxc4 13. Bxc4 Bg4 14. h3 Bh5 15. Be2 Rad8 16. Qc2 Bg6 17. Qc4 Bb8 18. Rad1 Qc7 19. Bxf6 gxf6 20. Qg4 h5 21. Qh4 Kg7 22. g3 c5 23. Rxd8 Rxd8 24. Rc1 Qe7 25. Qc4 b6 26. Bf1 Qe4 27. Qe2 Qe7 28. Bg2 Rd7 29. Nh4 Qd8 30. Bf3 Rd2 31. Rd1 Rxd1+ 32. Qxd1 Qxd1+ 33. Bxd1 Be5 34. Be2 Kf8 35. Kf1 Ke7 36. Ke1 Bc3+ 37. Kd1 Bb1 38. Bxh5 Bxa2 39. Kc2 Be1 40. f4 c4 41. b4 Bb3+ 42. Kb2 Bxb4 43. Nf5+ Kf8 44. Nd4 Be1 45. Nxb3 cxb3 46. g4 Bd2 47. Kxb3 Bxe3 48. Ka4 Bxf4 49. Kb5 Be3 50. Ka6 Kg7 51. Kb5 Kh6 52. Bxf7 a5 53. Be6 Kg5 54. Ka4 Kh4 55. Bf5 Bg5 56. Kb5 Be3 57. Ka4 Kg3 58. Kb5 Bf2 59. Bc8 Kf4 60. Bf5 Ke5 61. Bc8 Kd4 62. Bf5 Kc3 63. Be6 Kb2 64. Bf5 Kb3 65. Be6+ Kc3 66. Bf7 Kb2 67. Be6 Ka3 68. Bf7 Kb2 69. Ka4 Kc1 70. Bc4 Kd2 71. Bb5 Ke3 72. Bd7 Kf4 73. Bf5 Kg3 74. Bd7 Kxh3 75. g5+ Kh4 76. g6 Be3 77. g7 b5+ 78. Kxb5 a4 79. g8=Q a3 80. Qg4# 1-0


[Site "https://www.chess.com"]

[Event "Titled Tuesday Blitz November 14 Late 2023"]
[White "miraitrunks"]
[Black "hristos03"]
[WhiteElo "2083"]
[BlackElo "2385"]
[Result "1/2-1/2"]
[Round "5"]
[TimeControl "180+1"]
[Date "2023.11.14"]
[WhiteClock "0:00:08"]
[BlackClock "0:00:04"]
[Board "131"]

1. e4 c5 2. c3 d5 3. exd5 Qxd5 4. d4 g6 5. Nf3 Bg7 6. Bb5+ Bd7 7. Bxd7+ Nxd7 8. O-O Ngf6 9. Re1 cxd4 10. cxd4 e6 11. Nc3 Qh5 12. h3 O-O 13. Bf4 Qa5 14. Ne5 Nxe5 15. dxe5 Rfd8 16. Qb3 Nd5 17. Nxd5 Qxd5 18. Qxd5 Rxd5 19. Rac1 Rad8 20. Rc7 R5d7 21. Rec1 h6 22. Kf1 g5 23. Be3 Bxe5 24. Rxd7 Rxd7 25. Bxa7 Bxb2 26. Rc8+ Kh7 27. Ke2 Kg6 28. Rg8+ Kh7 29. Rb8 Bc3 30. a3 Rd2+ 31. Kf3 Rb2 32. Bc5 Be5 33. Rd8 b6 34. Bb4 Kg6 35. Rd7 h5 36. Rb7 Bd4 37. Ke4 Bxf2 38. Bc3 Rb1 39. Kf3 Bc5 40. Rb8 Rb3 41. Rg8+ Kh7 42. Rh8+ Kg6 43. Rg8+ Kh6 44. Rh8+ Kg6 45. Rg8+ 1/2-1/2


[Site "https://www.chess.com"]

[Event "Titled Tuesday Blitz November 14 Late 2023"]
[White "Winkels, Marcel"]
[Black "Laskakis, Konstantinos"]
[WhiteFideId "1003887"]
[BlackFideId "42134374"]
[WhiteElo "2077"]
[BlackElo "2356"]
[Result "1-0"]
[Round "5"]
[TimeControl "180+1"]
[Date "2023.11.14"]
[WhiteClock "0:00:43"]
[BlackClock "0:00:17"]
[Board "132"]

1. e4 e5 2. Nf3 Nc6 3. Bb5 a6 4. Ba4 Nf6 5. O-O d6 6. c3 Bd7 7. Re1 g6 8. d4 Bg7 9. Bxc6 Bxc6 10. dxe5 dxe5 11. Qxd8+ Rxd8 12. Nxe5 Bd7 13. Nxd7 Rxd7 14. Nd2 O-O 15. Nf3 Re8 16. e5 Ng4 17. Bf4 Rde7 18. Rad1 Nxe5 19. Nxe5 Bxe5 20. Bxe5 Rxe5 21. Rxe5 Rxe5 22. Kf1 Re7 23. Rd8+ Kg7 24. b4 b5 25. Ra8 Re6 26. Rd8 Rc6 27. Rd3 Rc4 28. Ke2 a5 29. a3 a4 30. Kd2 Kf6 31. Rd8 h5 32. f3 Rh4 33. h3 Rc4 34. Kd3 h4 35. Rd4 Rc6 36. Rxh4 Kg5 37. Rd4 Re6 38. Rd5+ Kf6 39. Rxb5 Re1 40. Rc5 Ra1 41. Rxc7 Rxa3 42. b5 Rb3 43. Kc4 Rb2 44. Ra7 Rxg2 45. Rxa4 Rg3 46. b6 Rg1 47. b7 1-0


[Site "https://www.chess.com"]

[Event "Titled Tuesday Blitz November 14 Late 2023"]
[White "Lalanne, Pablo"]
[Black "tandercat"]
[WhiteFideId "112151"]
[WhiteElo "2355"]
[BlackElo "2042"]
[Result "1-0"]
[Round "5"]
[TimeControl "180+1"]
[Date "2023.11.14"]
[WhiteClock "0:00:47"]
[BlackClock "0:01:10"]
[Board "133"]

1. e4 c5 2. Nf3 Nc6 3. d4 cxd4 4. Nxd4 e5 5. Nb5 d6 6. N1c3 a6 7. Na3 Be7 8. Nc4 b5 9. Ne3 Nf6 10. Ncd5 Nxe4 11. Nxe7 Nxe7 12. a4 b4 13. Nd5 Bb7 14. Nxb4 Nxf2 15. Kxf2 Qb6+ 16. Be3 Qxb4 17. c3 Qh4+ 18. g3 Qf6+ 19. Kg1 Bxh1 20. Kxh1 O-O 21. Bg2 Rad8 22. Qe2 d5 23. Rf1 Qe6 24. Bc5 Rfe8 25. Qh5 Ng6 26. Bh3 Qc6 27. b4 d4+ 28. Bg2 Qe6 29. cxd4 exd4 30. b5 axb5 31. axb5 Rd5 32. Qxd5 Qxd5 33. Bxd5 Re5 34. Bxf7+ Kh8 35. Bxg6 hxg6 36. b6 Rxc5 37. b7 1-0


[Site "https://www.chess.com"]

[Event "Titled Tuesday Blitz November 14 Late 2023"]
[White "Djordjevic, Dejan N"]
[Black "Gerbelli Neto, Eduardo"]
[WhiteFideId "913316"]
[BlackFideId "2103281"]
[WhiteElo "2037"]
[BlackElo "2352"]
[Result "1-0"]
[Round "5"]
[TimeControl "180+1"]
[Date "2023.11.14"]
[WhiteClock "0:00:51"]
[BlackClock "0:00:07"]
[Board "134"]

1. e4 e5 2. Nf3 Nc6 3. Bc4 Nf6 4. d3 Bc5 5. c3 d6 6. O-O O-O 7. Re1 a5 8. a4 Ng4 9. Re2 Kh8 10. d4 exd4 11. cxd4 Bb6 12. h3 Nf6 13. Nc3 h6 14. Bb3 Nb4 15. Bf4 Be6 16. Rc1 d5 17. e5 Nh7 18. Nb5 Qd7 19. Re3 Rae8 20. Bh2 Bf5 21. Rec3 Rc8 22. Nh4 Be4 23. f3 Bg6 24. Nxg6+ fxg6 25. Kh1 Rf7 26. Qd2 Rcf8 27. Re1 Nc6 28. e6 1-0


[Site "https://www.chess.com"]

[Event "Titled Tuesday Blitz November 14 Late 2023"]
[White "DAVIDHDZSTS"]
[Black "KorolDimitriy75"]
[WhiteElo "1862"]
[BlackElo "2341"]
[Result "0-1"]
[Round "5"]
[TimeControl "180+1"]
[Date "2023.11.14"]
[WhiteClock "0:00:09"]
[BlackClock "0:00:10"]
[Board "135"]

1. d4 Nf6 2. Nc3 d5 3. Bf4 g6 4. e3 Bg7 5. h4 h5 6. Bd3 O-O 7. Nge2 c5 8. dxc5 Qa5 9. Nd4 Qxc5 10. Qd2 Nc6 11. Nxc6 Qxc6 12. O-O a6 13. Rfe1 b5 14. e4 dxe4 15. Nxe4 Bb7 16. Nxf6+ Qxf6 17. Be5 Qxh4 18. Bxg7 Kxg7 19. Qc3+ Kg8 20. Qc7 Bd5 21. Qxe7 Qg4 22. g3 Rae8 23. Qxe8 Rxe8 24. Rxe8+ Kg7 25. Rae1 h4 26. R8e3 Qh3 27. Be4 Bxe4 28. Rxe4 hxg3 29. fxg3 Qxg3+ 30. Kf1 Qf3+ 31. Kg1 Qg3+ 32. Kf1 Qh3+ 33. Ke2 Qd7 34. Kf3 Qc6 35. Kg3 Qxc2 36. R1e2 Qc7+ 37. Kf2 Qc6 38. Re5 Qc4 39. a3 Qd4+ 40. Kg2 Qg4+ 41. Kf2 Qf4+ 42. Kg2 g5 43. R5e4 Qf5 44. Kg3 f6 45. Re7+ Kg6 46. R7e4 Qc5 47. Kg2 Qd5 48. Kg3 Qd6+ 49. Kg2 Qc7 50. Kf3 Qc6 51. Kg3 Qd5 52. Kf2 Kf5 53. Kg3 Qxe4 54. Rxe4 Kxe4 55. Kf2 f5 56. Ke2 g4 57. Kf2 f4 58. Kg2 g3 59. Kf1 Kf3 60. Kg1 g2 61. b3 Kg3 62. a4 f3 63. axb5 f2# 0-1


[Site "https://www.chess.com"]